AoeStats
← micofilo

Scandinavia

510813005Analyzed
1v1 RM · 23h ago on Oct 2, 2026· 100m 7s· 2 players
Game mode
Random Map
Map size
Tiny (2 player)
Population
200
Speed
Normal
Resources
Standard
Victory
Conquest
Starting age
Dark Age
Ending age
Imperial Age
RankedLock teamsTeams togetherTeam positionsShared explorationLock speedFull tech treeHidden civsTurbo modeCheats
Victory
Defeat
🇷🇴 Mongols · Romania
692
+16
🇨🇱 Cumans · Chile
686
-16
micofilo
5:53 Loom
11:21 Feudal Age
12:56 Wheelbarrow
18:47 Double-Bit Axe
18:43 Horse Collar
20:41 Gold Mining
25:17 Castle Age
23:43 Fletching
24:13 Stone Mining
24:26 Padded Archer Armor
26:06 Thumb Ring
26:43 Crossbowman
27:41 Leather Archer Armor
27:44 Bodkin Arrow
28:10 Hand Cart
28:43 Ballistics
29:23 Bow Saw
29:14 Heavy Plow
29:42 Capped Ram
41:10 Steppe Husbandry
41:52 Elite Skirmisher
58:43 Imperial Age
55:59 Town Watch
57:21 Pikeman
58:01 Squires
57:47 Arson
57:22 Man-at-Arms
58:15 Forging
58:06 Scale Mail Armor
60:27 Long Swordsman
64:50 Imperial Age
64:05 Iron Casting
63:46 Chain Mail Armor
65:02 Halberdier
65:02 Two-Handed Swordsman
66:45 Blast Furnace
66:15 Plate Mail Armor
66:50 Conscription
66:09 Champion
88:43 Fishing Lines
95:42 Gillnets
catalinpopflorin
0:28 Loom
13:03 Feudal Age
13:28 Horse Collar
13:50 Double-Bit Axe
14:35 Stone Mining
15:04 Fishing Lines
16:05 Wheelbarrow
15:33 Gold Mining
16:01 Town Watch
20:19 Forging
20:14 Scale Barding Armor
20:11 Padded Archer Armor
20:01 Fletching
20:12 Scale Mail Armor
25:03 Castle Age
25:15 Elite Skirmisher
26:42 Gold Shaft Mining
26:26 Bow Saw
25:50 Pikeman
26:47 Heavy Plow
27:06 Gillnets
29:36 Leather Archer Armor
29:57 Iron Casting
29:38 Chain Mail Armor
29:18 Bodkin Arrow
31:14 Town Patrol
31:52 Stone Shaft Mining
35:14 Hand Cart
36:46 Murder Holes
37:20 Husbandry
37:30 Bloodlines
43:20 Chain Barding Armor
50:46 Imperial Age
53:14 Conscription
52:16 Capped Ram
53:05 Sappers
54:59 Chemistry
57:04 Plate Mail Armor
57:34 Blast Furnace
56:38 Bracer
56:51 Nomads
59:31 Man-at-Arms
62:31 Long Swordsman
63:12 Squires
62:58 Arson
64:09 Plate Mail Armor
65:35 Hoardings
64:32 Light Cavalry
68:06 Ballistics
68:44 Hussar
69:10 Heavy Scorpion
78:59 Heavy Camel Rider
83:06 Cavalier
84:04 Two-Handed Swordsman
85:48 Two-Handed Swordsman
90:21 Masonry
97:42 Champion
Connection lost

Rejoining the realm…

Still unreachable

The connection could not be restored.

Session expired

The server has moved on; the page needs a fresh start.